TOP OF THE 1ST |
El Dorado Oilers batting - Pitching for So Cal Bruins : RHP Flint Gray
|
Pitching: RHP Flint Gray
|
|
Batting: RHB Nick Webb
|
0-0: Ball 1-0: Called Strike 1-1: SINGLE (Flyball, 89S)
|
Batting: LHB Ashley Pickhills
|
0-0: Ball 1-0: Swinging Strike Nick Webb steals 2nd base 1-1: Ball 2-1: Fly out, F8 (Line Drive, 8LXD) Runner from 2nd tags up, SAFE at 3rd, no throw
|
Batting: LHB Al Gaines
|
0-0: Fly out, F9 (Line Drive, 9) Runner from 3rd tags up, SCORES, no throw
|
Batting: RHB Valentín Borges
|
0-0: Ball 1-0: Ground out 4-3 (Groundball, 4)
|
Top of the 1st over - 1 run(s), 1 hit(s), 0 error(s), 0 left on base; El Dorado 1 - So Cal 0 |
BOTTOM OF THE 1ST |
So Cal Bruins batting - Pitching for El Dorado Oilers : RHP Francisco Ríos
|
Pitching: RHP Francisco Ríos
|
|
Batting: LHB Jesús Campos
|
0-0: Fly out, F9 (Flyball, 9LS)
|
Batting: LHB Robinson Fernández
|
0-0: Called Strike 0-1: Ball 1-1: Ball 2-1: Called Strike 2-2: Fly out, F9 (Flyball, 9)
|
Batting: LHB José Antonio Santiago
|
0-0: Called Strike 0-1: Called Strike 0-2: Ball 1-2: Foul Ball, location: 2F 1-2: Foul Ball, location: 2F 1-2: Ground out 3-1 (Groundball, 34S)
|
Bottom of the 1st over - 0 run(s), 0 hit(s), 0 error(s), 0 left on base; El Dorado 1 - So Cal 0 |
TOP OF THE 2ND |
El Dorado Oilers batting - Pitching for So Cal Bruins : RHP Flint Gray
|
Batting: LHB José Hernández
|
0-0: Ball 1-0: Ground out 6-3 (Groundball, 6)
|
Batting: RHB Sixto Vélez
|
0-0: Called Strike 0-1: Ball 1-1: Foul Ball, location: 2F 1-2: Ball 2-2: Ball 3-2: Foul Ball, location: 2F 3-2: Fly out, F8 (Flyball, 8RXD)
|
Batting: SHB Anastasio Ortíz
|
0-0: Called Strike 0-1: Ball 1-1: Ball 2-1: Ball 3-1: Base on Balls
|
Batting: RHB José Carlos Caraballo
|
0-0: Ball 1-0: SINGLE (Flyball, 78S) Anastasio Ortíz to second
|
Batting: RHB Chris Parker
|
0-0: Called Strike 0-1: Ball 1-1: Ball 2-1: Foul Ball, location: 2F 2-2: Foul Ball, location: 2F 2-2: Strikes out swinging
|
Top of the 2nd over - 0 run(s), 1 hit(s), 0 error(s), 2 left on base; El Dorado 1 - So Cal 0 |
BOTTOM OF THE 2ND |
So Cal Bruins batting - Pitching for El Dorado Oilers : RHP Francisco Ríos
|
Batting: RHB William Richardson
|
0-0: Ball 1-0: Swinging Strike 1-1: Foul Ball, location: 2F 1-2: Foul Ball, location: 2F 1-2: SINGLE (Line Drive, 4D)
|
Batting: LHB Kiyonaga Morita
|
0-0: Grounds into double play, 6-4-3 (Groundball, 6)
|
Batting: RHB Lawrence Schroeder
|
0-0: Fly out, F9 (Flyball, 9)
|
Bottom of the 2nd over - 0 run(s), 1 hit(s), 0 error(s), 0 left on base; El Dorado 1 - So Cal 0 |
TOP OF THE 3RD |
El Dorado Oilers batting - Pitching for So Cal Bruins : RHP Flint Gray
|
Batting: RHB Nick Webb
|
0-0: Foul Ball, location: 2F 0-1: Called Strike 0-2: SINGLE (Line Drive, 7S)
|
Batting: LHB Ashley Pickhills
|
0-0: Called Strike Nick Webb steals 2nd base 0-1: SINGLE (Groundball, 34D) Nick Webb to third Runner from 3rd tries for Home, SAFE, no throw
|
Batting: LHB Al Gaines
|
0-0: Ball 1-0: Ball 2-0: Called Strike 2-1: Foul Ball, location: 2F 2-2: Foul Ball, location: 2F 2-2: Foul Ball, location: 2F 2-2: Foul Ball, location: 2F 2-2: Ground out U3 (Groundball, 3S) Ashley Pickhills to second
|
Batting: RHB Valentín Borges
|
0-0: Ball 1-0: Called Strike 1-1: Ball 2-1: Ground out 6-3 (Groundball, 6) Ashley Pickhills to third
|
Batting: LHB José Hernández
|
0-0: Called Strike 0-1: Called Strike 0-2: Ball 1-2: Ball 2-2: Ball 3-2: 2-RUN HOME RUN (Flyball, 89XD), Distance : 390 ft
|
Batting: RHB Sixto Vélez
|
0-0: Called Strike 0-1: Fly out, F8 (Flyball, 8LD)
|
Top of the 3rd over - 3 run(s), 3 hit(s), 0 error(s), 0 left on base; El Dorado 4 - So Cal 0 |
BOTTOM OF THE 3RD |
So Cal Bruins batting - Pitching for El Dorado Oilers : RHP Francisco Ríos
|
Batting: RHB Juan Valverde
|
0-0: Called Strike 0-1: Foul Ball, location: 2F 0-2: Ball 1-2: SINGLE (Line Drive, 89M)
|
Batting: LHB Jeff Carter
|
0-0: Ball 1-0: Grounds into double play, 4-6-3 (Groundball, 4)
|
Batting: RHB Morgan Gibbon
|
0-0: Ball 1-0: Ball 2-0: Ball 3-0: Foul Ball, location: 2F 3-1: Fly out, F5 (Line Drive, 5)
|
Bottom of the 3rd over - 0 run(s), 1 hit(s), 0 error(s), 0 left on base; El Dorado 4 - So Cal 0 |
TOP OF THE 4TH |
El Dorado Oilers batting - Pitching for So Cal Bruins : RHP Flint Gray
|
Batting: SHB Anastasio Ortíz
|
0-0: Called Strike 0-1: Swinging Strike 0-2: Ground out 4-3 (Groundball, 4)
|
Batting: RHB José Carlos Caraballo
|
0-0: Foul Ball, location: 2F 0-1: Fly out, F8 (Flyball, 8RS)
|
Batting: RHB Chris Parker
|
0-0: DOUBLE (Line Drive, 89M)
|
Batting: RHB Nick Webb
|
0-0: Ground out 4-3 (Groundball, 6MS)
|
Top of the 4th over - 0 run(s), 1 hit(s), 0 error(s), 1 left on base; El Dorado 4 - So Cal 0 |
BOTTOM OF THE 4TH |
So Cal Bruins batting - Pitching for El Dorado Oilers : RHP Francisco Ríos
|
Batting: LHB Jesús Campos
|
0-0: Ball 1-0: Ball 2-0: Ball 3-0: Called Strike 3-1: Base on Balls
|
Batting: LHB Robinson Fernández
|
0-0: Ball 1-0: Ball 2-0: Grounds into double play, 4-6-3 (Groundball, 4)
|
Batting: LHB José Antonio Santiago
|
0-0: Fly out, F8 (Flyball, 89XD)
|
Bottom of the 4th over - 0 run(s), 0 hit(s), 0 error(s), 0 left on base; El Dorado 4 - So Cal 0 |
TOP OF THE 5TH |
El Dorado Oilers batting - Pitching for So Cal Bruins : RHP Flint Gray
|
Batting: LHB Ashley Pickhills
|
0-0: Ground out 6-3 (Groundball, 6)
|
Batting: LHB Al Gaines
|
0-0: Ball 1-0: Ground out U3 (Groundball, 34S)
|
Batting: RHB Valentín Borges
|
0-0: Ball 1-0: Called Strike 1-1: Ground out 6-3 (Groundball, 6)
|
Top of the 5th over - 0 run(s), 0 hit(s), 0 error(s), 0 left on base; El Dorado 4 - So Cal 0 |
BOTTOM OF THE 5TH |
So Cal Bruins batting - Pitching for El Dorado Oilers : RHP Francisco Ríos
|
Batting: RHB William Richardson
|
0-0: Foul Ball, location: 2F 0-1: Called Strike 0-2: Ball 1-2: Foul Ball, location: 2F 1-2: Ground out 4-3 (Groundball, 4D)
|
Batting: LHB Kiyonaga Morita
|
0-0: Called Strike 0-1: SINGLE (Line Drive, 56D)
|
Batting: RHB Lawrence Schroeder
|
0-0: Ball 1-0: Ball 2-0: Foul Ball, location: 2F 2-1: 2-RUN HOME RUN (Flyball, 7D), Distance : 373 ft
|
Batting: RHB Juan Valverde
|
0-0: Ground out 5-3 (Groundball, 5)
|
Batting: LHB Jeff Carter
|
0-0: Called Strike 0-1: Hit by Pitch
|
Batting: RHB Morgan Gibbon
|
0-0: Foul Ball, location: 2F 0-1: Called Strike 0-2: Foul Ball, location: 2F 0-2: Ball 1-2: 2-RUN HOME RUN (Flyball, 8RXD), Distance : 424 ft
|
Batting: LHB Jesús Campos
|
0-0: SOLO HOME RUN (Flyball, 89XD), Distance : 396 ft
|
Batting: LHB Robinson Fernández
|
0-0: Foul Ball, location: 2F 0-1: Ball 1-1: Called Strike 1-2: Foul Ball, location: 2F 1-2: Ball 2-2: SINGLE (Groundball, 56S) (infield hit)
|
Batting: LHB José Antonio Santiago
|
0-0: Fielders Choice at 2nd, 4-6 (Groundball, 4)
|
Bottom of the 5th over - 5 run(s), 5 hit(s), 0 error(s), 0 left on base; El Dorado 4 - So Cal 5 |
TOP OF THE 6TH |
El Dorado Oilers batting - Pitching for So Cal Bruins : RHP Flint Gray
|
Batting: LHB José Hernández
|
0-0: Swinging Strike 0-1: Ball 1-1: Foul Ball, location: 2F 1-2: Strikes out swinging
|
Batting: RHB Sixto Vélez
|
0-0: Ball 1-0: Ball 2-0: Ball 3-0: Called Strike 3-1: Swinging Strike 3-2: Foul Ball, location: 2F 3-2: Foul Ball, location: 2F 3-2: Foul Ball, location: 2F 3-2: Base on Balls
|
Batting: SHB Anastasio Ortíz
|
0-0: Called Strike 0-1: Ball 1-1: Ball 2-1: Called Strike 2-2: SINGLE (Flyball, 8LS) Sixto Vélez to second
|
Batting: RHB José Carlos Caraballo
|
0-0: Foul Ball, location: 2F 0-1: Fly out, F1 (Popup, 13)
|
Batting: RHB Chris Parker
|
0-0: Ball 1-0: Ball 2-0: Ball 3-0: Base on Balls Sixto Vélez to third Anastasio Ortíz to second
|
Batting: RHB Nick Webb
|
0-0: Ball 1-0: Foul Ball, location: 2F 1-1: SINGLE (Line Drive, 9S) Sixto Vélez scores Anastasio Ortíz to third Chris Parker to second Runner from 3rd tries for Home, SAFE, no throw
|
Pitching: LHP Keith Swanson
|
|
Batting: LHB Ashley Pickhills
|
0-0: Fly out, F8 (Line Drive, 8RM)
|
Top of the 6th over - 2 run(s), 2 hit(s), 0 error(s), 2 left on base; El Dorado 6 - So Cal 5 |
BOTTOM OF THE 6TH |
So Cal Bruins batting - Pitching for El Dorado Oilers : RHP Francisco Ríos
|
Batting: RHB William Richardson
|
0-0: Ball 1-0: Called Strike 1-1: Foul Ball, location: 2F 1-2: Foul Ball, location: 2F 1-2: Ball 2-2: Ball 3-2: Foul Ball, location: 2F 3-2: Ground out 4-3 (Groundball, 4)
|
Batting: LHB Kiyonaga Morita
|
0-0: Called Strike 0-1: Fly out, F9 (Flyball, 89M)
|
Batting: RHB Lawrence Schroeder
|
0-0: Foul Ball, location: 2F 0-1: Ball 1-1: Ground out 5-3 (Groundball, 56)
|
Bottom of the 6th over - 0 run(s), 0 hit(s), 0 error(s), 0 left on base; El Dorado 6 - So Cal 5 |
TOP OF THE 7TH |
El Dorado Oilers batting - Pitching for So Cal Bruins : LHP Keith Swanson
|
Batting: LHB Al Gaines
|
0-0: Ground out 1-3 (Groundball, 13S)
|
Batting: RHB Valentín Borges
|
0-0: Called Strike 0-1: Swinging Strike 0-2: Ball 1-2: Fly out, F8 (Flyball, 8LM)
|
Batting: LHB José Hernández
|
0-0: Swinging Strike 0-1: Called Strike 0-2: Ball 1-2: Ball 2-2: Ball 3-2: Strikes out swinging
|
Top of the 7th over - 0 run(s), 0 hit(s), 0 error(s), 0 left on base; El Dorado 6 - So Cal 5 |
BOTTOM OF THE 7TH |
So Cal Bruins batting - Pitching for El Dorado Oilers : RHP Francisco Ríos
|
Batting: RHB Juan Valverde
|
0-0: Fly out, F7 (Flyball, 7LMF)
|
Batting: LHB Jeff Carter
|
0-0: Called Strike 0-1: Fly out, F7 (Flyball, 7LM)
|
Batting: RHB Morgan Gibbon
|
0-0: Ball 1-0: Called Strike 1-1: Ball 2-1: Fly out, F8 (Flyball, 8LM)
|
Bottom of the 7th over - 0 run(s), 0 hit(s), 0 error(s), 0 left on base; El Dorado 6 - So Cal 5 |
TOP OF THE 8TH |
El Dorado Oilers batting - Pitching for So Cal Bruins : LHP Keith Swanson
|
Batting: RHB Sixto Vélez
|
0-0: SINGLE (Groundball, 56D)
|
Batting: SHB Anastasio Ortíz
|
0-0: Bunted foul 0-1: Ball 1-1: Sac Bunt - play at first, batter OUT! 1-4 Sixto Vélez to second
|
Batting: RHB José Carlos Caraballo
|
0-0: Called Strike 0-1: Swinging Strike 0-2: Foul Ball, location: 2F 0-2: Ball 1-2: Foul Ball, location: 2F 1-2: Strikes out looking
|
Batting: RHB Chris Parker
|
0-0: Called Strike 0-1: Ground out 6-3 (Groundball, 6M)
|
Top of the 8th over - 0 run(s), 1 hit(s), 0 error(s), 1 left on base; El Dorado 6 - So Cal 5 |
BOTTOM OF THE 8TH |
So Cal Bruins batting - Pitching for El Dorado Oilers : RHP Francisco Ríos
|
Pitching: RHP Mitch Brown
|
|
Batting: LHB Jesús Campos
|
0-0: Foul Ball, location: 2F 0-1: Ball 1-1: Foul Ball, location: 2F 1-2: Ball 2-2: Ball 3-2: Ground out 6-3 (Groundball, 6)
|
Batting: LHB Robinson Fernández
|
0-0: Called Strike 0-1: DOUBLE (Line Drive, 7LM)
|
Batting: LHB José Antonio Santiago
|
0-0: Ball 1-0: Called Strike 1-1: SINGLE (Line Drive, 34D) Robinson Fernández to third Runner from 3rd tries for Home, SAFE, throw made home José Antonio Santiago to second
|
Batting: RHB William Richardson
|
0-0: Ball José Antonio Santiago steals 3rd base 1-0: Ball 2-0: Called Strike 2-1: Ball 3-1: Base on Balls
|
Batting: LHB Kiyonaga Morita
|
0-0: Ball 1-0: Swinging Strike 1-1: Ball 2-1: Called Strike 2-2: Strikes out swinging
|
Batting: RHB Lawrence Schroeder
|
0-0: Fly out, F4 (Line Drive, 4)
|
Bottom of the 8th over - 1 run(s), 2 hit(s), 0 error(s), 2 left on base; El Dorado 6 - So Cal 6 |
TOP OF THE 9TH |
El Dorado Oilers batting - Pitching for So Cal Bruins : LHP Keith Swanson
|
Pitching: RHP Marty Burgess
|
|
Batting: RHB Nick Webb
|
0-0: Ground out 1-3 (Groundball, 13S)
|
Batting: LHB Ashley Pickhills
|
0-0: Called Strike 0-1: Ball 1-1: Ground out 4-3 (Groundball, 4)
|
Batting: LHB Al Gaines
|
0-0: Ground out 4-3 (Groundball, 34)
|
Top of the 9th over - 0 run(s), 0 hit(s), 0 error(s), 0 left on base; El Dorado 6 - So Cal 6 |
BOTTOM OF THE 9TH |
So Cal Bruins batting - Pitching for El Dorado Oilers : RHP Mitch Brown
|
Pitching: RHP Kuang-yin Yue
|
|
Batting: RHB Juan Valverde
|
0-0: Ball 1-0: Ground out 6-3 (Groundball, 6)
|
Batting: LHB Jeff Carter
|
0-0: Called Strike 0-1: SINGLE (Groundball, 4MD)
|
Batting: RHB Morgan Gibbon
|
0-0: Ball 1-0: Ball 2-0: Ball 3-0: Base on Balls Jeff Carter to second
|
Batting: LHB Jesús Campos
|
0-0: Swinging Strike 0-1: Ball 1-1: Foul Ball, location: 2F 1-2: Strikes out swinging
|
Batting: LHB Robinson Fernández
|
0-0: Ball 1-0: Reached on error, E1 (Groundball, 15S) Jeff Carter scores
|
Tuesday, August 8th, 2017 - OOTP Baseball 17.12 Build 75
|
|